 Dungeon Crawl Stone Soup version 0.31-a0-986-g5e6e4ef867 (webtiles) character file.

Game seed: 14623128667032141936

387 avis the Ducker (level 6, -10/28 HPs)
             Began as a Felid Shapeshifter on Nov 25, 2023.
             Was an Initiate of Gozag.
             Killed from afar by a steam dragon (12 damage)
             ... with a ball of steam
             ... on level 4 of the Dungeon.
             The game lasted 00:16:53 (2700 turns).

avis the Ducker (Felid Shapeshifter)                Turns: 2700, Time: 00:16:53

Health: -10/28     AC:  2    Str: 10    XL:     6   Next: 49%
Magic:  16/16      EV: 20    Int: 11    God:    Gozag
Gold:   352        SH:  0    Dex: 18    Spells: 5/5 levels left
                                        Lives:  0   Deaths: 2

rFire   . .          .
                       - Unarmed
rCold   . . .        (shield unavailable)
rNeg    . . .        (body armour unavailable)
rPois   .            (helmet unavailable)
rElec   .            (cloak unavailable)
rCorr   .            (gloves unavailable)
SInv    +            (boots unavailable)
Will    .....        (no amulet)
Stlth   ++           j - ring of magical power
HPRegen 0.24/turn    (no ring)
MPRegen 0.15/turn

%: no passive effects
@: beast-form, gold aura, quick
A: beast (slay +3), very small, claws 1, fangs 3, see invisible, speed 1, shaggy
fur 2, stealthy paws, no weapons or thrown items, no armour, multi-lived
a: Begin Untransformation, Renounce Religion, Potion Petition, Call Merchant,
Bribe Branch


You were on level 4 of the Dungeon.
You worshipped Gozag.
Gozag was aware of your devotion.
You were a hulking beast.
You visited 1 branch of the dungeon, and saw 4 of its levels.

You collected 398 gold pieces.
You paid 46 gold pieces to Gozag.

Inventory:

Jewellery
 j - a ring of magical power (left paw)
Talismans
 b - a beast talisman
 f - a flux talisman
 m - a maw talisman
 p - a granite talisman
Scrolls
 a - a scroll of identify {unknown}
 c - a scroll of blinking {unknown}
 d - a scroll of revelation {unknown}
 e - a scroll of teleportation {unknown}
 g - a scroll of immolation
 h - a scroll of vulnerability {unknown}
 o - a scroll of enchant armour {unknown}
Potions
 i - a potion of degeneration
 k - a potion of curing {unknown}
 l - a potion of brilliance {unknown}
 n - a potion of mutation {unknown}
 q - a potion of might {unknown}


   Skills:
 - Level 3.0 Fighting
 - Level 6.0 Dodging
 - Level 3.0 Unarmed Combat
 * Level 5.5 Shapeshifting


You had 5 spell levels left.
You didn't know any spells.
Your spell library was empty.

Dungeon Overview and Level Annotations

Branches:
Dungeon (4/15)
 Temple: D:4-7

Altars:
Gozag
Xom
Zin

Shops:
D:4 [


Innate Abilities, Weirdness & Mutations

You are a hulking beast.
Your limbs bulge with bestial killing power. (Slay +3)
You have sharp claws.
You have razor-sharp teeth.
You have supernaturally acute eyesight. (SInv)
You cover ground quickly. (Speed+)
You are covered in thick fur. (AC +2)
Your paws help you pounce on unaware monsters.
You are incapable of wielding weapons or throwing items.
You cannot wear armour.
You gain extra lives every three experience levels.


Message History

The steam dragon hisses angrily.
You scratch the ball python.
The ball python is moderately wounded.
The steam dragon breathes steam at you.
The ball of steam misses the ball python.
The ball of steam hits you!
The ball python is engulfed in a cloud of scalding steam.
The ball python dies!
You are engulfed in a cloud of scalding steam.
The steam dragon barely misses you.
The steam dragon claws you but does no damage.
You scratch the steam dragon. Your claw misses the steam dragon.
You bite the steam dragon.
The steam dragon is lightly wounded.
The steam dragon is distracted by your dazzling golden aura.
You claw the steam dragon!
The steam dragon is no longer distracted by gold.
The steam dragon is moderately wounded.
The steam dragon barely misses you. The steam dragon misses you.
You barely miss the steam dragon.
The steam dragon is moderately wounded.
The steam dragon closely misses you. The steam dragon completely misses you.
You scratch the steam dragon. You bite the steam dragon.
The steam dragon is heavily wounded.
The steam dragon bites you!
* * * LOW HITPOINT WARNING * * *
The steam dragon claws you.
* * * LOW HITPOINT WARNING * * *
You scratch the steam dragon.
The steam dragon is severely wounded.
You closely miss the steam dragon.
The steam dragon is severely wounded.
The steam dragon misses you. The steam dragon claws you.
* * * LOW HITPOINT WARNING * * *
You barely miss the steam dragon.
The steam dragon is severely wounded.
The steam dragon breathes steam at you. The ball of steam hits you!
You die...
Your body crumbles into a pile of gold.

#.#######........................
#.##......................[......
#.##....####.....####............
#.##....#..##...##.$#..........##
#.##....#...##.##D..#.........##
#.##....##...#.#§B.##..(...####
#.##.....##.'#.#§W##...........
#.##......###..D###............
#.............8.h...............
###.......###...###......#####.#
#.#......## +#.#+ ##.....# ##
#.#...#.## #.# ##...... #.......#
##.## #....#.. #.......# ##...##
#....### #.......####.....##
....# ................... ##..
.............#..###


You could see a steam dragon (catching breath).

Vanquished Creatures
  2 ogres
  A scorpion (D:4)
  Terence (D:3)
  3 adders (D:4)
  A gnoll (D:1)
  2 worms
  4 dart slugs
  An orc (D:3)
  8 ball pythons
  13 endoplasms
  A giant cockroach (D:2)
  6 hobgoblins
  6 jackals (D:1)
  4 quokkas
  4 bats (D:1)
  3 frilled lizards
  11 goblins
  2 kobolds (D:1)
  5 rats
78 creatures vanquished.

Vanquished Creatures (others)
  A ball python (D:4)
1 creature vanquished.

Grand Total: 79 creatures vanquished

Notes
Turn   | Place    | Note
-------+----------+-------------------------------------------
     0 | D:1      | avis the Felid Shapeshifter began the quest for the Orb.
     0 | D:1      | Reached XP level 1. HP: 9/9 MP: 2/2
    34 | D:1      | Reached skill level 3 in Dodging
    42 | D:1      | Reached XP level 2. HP: 12/12 MP: 3/3
   236 | D:1      | Reached XP level 3. HP: 16/16 MP: 4/4
   242 | D:1      | Found a faded altar of an unknown god.
  1030 | D:2      | Reached skill level 4 in Dodging
  1030 | D:2      | Reached XP level 4. HP: 21/21 MP: 5/5
  1575 | D:3      | Noticed Terence
  1591 | D:3      | Found a shimmering altar of Xom.
  1666 | D:3      | Found an opulent altar of Gozag.
  1667 | D:3      | Found a glowing silver altar of Zin.
  1681 | D:3      | Became a worshipper of Gozag Ym Sagoz the Greedy
  1862 | D:4      | HP: 1/21 [adder (2)]
  1863 | D:4      | Succumbed to an adder's poison
  1864 | D:4      | Found Wihysij's Armour Shop.
  2037 | D:4      | Reached skill level 5 in Dodging
  2242 | D:4      | Noticed a scorpion
  2242 | D:4      | Noticed an ogre
  2242 | D:4      | Noticed an ogre
  2473 | D:3      | Slain by an ogre
  2487 | D:3      | Killed an ogre
  2488 | D:3      | Reached skill level 6 in Dodging
  2488 | D:3      | Reached XP level 5. HP: 24/24 MP: 6/6
  2533 | D:3      | Killed Terence
  2591 | D:4      | Killed an ogre
  2592 | D:4      | Reached skill level 5 in Shapeshifting
  2592 | D:4      | Gained mutation: You are covered in thick fur. (AC +2)
                  | [Felid growth]
  2592 | D:4      | Reached XP level 6. HP: 19/28 MP: 7/7
  2684 | D:4      | Noticed a steam dragon
  2699 | D:4      | HP: 1/28 [steam dragon (3)]
  2700 | D:4      | Killed from afar by a steam dragon

Illustrated notes

Levels and vault maps discovered:
D:1:      dpeg_arrival_rooms_b, layout_rooms, hellmonk_ecumenical_altar_blasted
D:2:      layout_rooms, chequers_decorated_corner, minmay_tetromino_i2
D:3:      layout_basic, grunt_temple_overflow_gold_and_silver,
          old_standard_altar, uniq_terence
D:4:      cheibrodos_barr_body, layout_rooms, elyvilon_altar_1, serial_curves,
          eino_curves_03, eino_curves_01, serial_shops, nicolae_shop_trees,
          kennysheep_nub

Skill      XL: |  1  2  3  4  5 |
---------------+----------------+-----
Dodging        | 3 4 6 |  6.0
Fighting       | 2 3 |  3.0
Shapeshifting  | 4 5 |  5.5
Unarmed Combat | |  3.0

Action                     |  1- 3 |  4- 6 || total
---------------------------+-------+-------++-------
  Melee: Unarmed           |    95 |   121 ||   216
         Bite              |    10 |    15 ||    25
         Punch             |     2 |     5 ||     7
    Use: Potion            |       |     3 ||     3
   Stab: Sleeping          |     1 |       ||     1
 Armour: Skin              |    15 |    37 ||    52
  Dodge: Dodged            |    46 |    80 ||   126

Table legend: (Time is in decaauts)
 A = Elapsed time spent in this place.
 B = Non-inter-level travel time spent in this place.
 C = Inter-level travel time spent in this place.
 D = Time resting spent in this place.
 E = Time spent auto-exploring this place.
 F = Levels seen in this place.
 G = Mean time per level.
                   A        B        C        D        E       F      G
               +--------+--------+--------+--------+--------+-----+--------+
         Total |   2307 |   2128 |    179 |    342 |    892 |   4 |  576.8 |
       Dungeon |   2307 |   2128 |    179 |    342 |    892 |   4 |  576.8 |
               +--------+--------+--------+--------+--------+-----+--------+

Top non-repeatable levels by time:
     D:3: 675 daAuts
     D:1: 633 daAuts
     D:2: 592 daAuts
     D:4: 405 daAuts
